 Dungeon Crawl Stone Soup version 0.31-a0-801-gc67433417a (webtiles) character file.

Game seed: 1455025464470392080

475 Ivernyr the Slasher (level 7, -1/36 HPs)
             Began as a Vine Stalker Gladiator on Sept 20, 2023.
             Succumbed to a scorpion's poison
             ... on level 4 of the Dungeon.
             The game lasted 00:05:59 (2532 turns).

Ivernyr the Slasher (Vine Stalker Gladiator)        Turns: 2532, Time: 00:05:59

Health: -1/36      AC:  4    Str: 16 (17) XL:     7   Next: 10%
Magic:  2/8        EV: 13    Int:  5 (8)  God:
Gold:   170        SH:  0    Dex: 14 (17) Spells: 6/6 levels left

rFire   . . .        a - +0 long sword
rCold   . . .        (no shield)
rNeg    + . .        b - +0 leather armour
rPois   .            c - +0 helmet
rElec   .            (no cloak)
rCorr   +            (no gloves)
SInv    .            (no boots)
Will    +....        r - macabre finger necklace {Finger+ rN+}
Stlth   +            i - ring of resist corrosion
HPRegen 1.06/turn    (no ring)
MPRegen 0.11/turn    (no ring)

%: guardian spirit
@: lethally poisoned (-1 -> -5), enlightened, flying, hasted, very quick
A: fangs 2, regeneration 1, magic shield, antimagic bite, no potion heal 2
a: no special abilities


You were on level 4 of the Dungeon.
You visited 1 branch of the dungeon, and saw 4 of its levels.

You collected 170 gold pieces.

Inventory:

Hand Weapons
 a - a +0 long sword (weapon)
Missiles
 d - 3 throwing nets (quivered)
 e - a javelin
Armour
 b - a +0 leather armour (worn)
 c - a +0 helmet (worn)
Jewellery
 i - a ring of resist corrosion (left hand)
 r - the macabre finger necklace (around neck) {Finger+ rN+}
   (You found it on level 2 of the Dungeon)

   [amulet of nothing]

   Finger+:   It enables you to equip an extra ring.
   rN+:       It protects you from negative energy.
Scrolls
 f - 2 scrolls of teleportation {unknown}
 g - 2 scrolls of noise {unknown}
 h - a scroll of immolation {unknown}
 j - 3 scrolls of amnesia {unknown}
 k - a scroll of brand weapon {unknown}
 l - 5 scrolls of identify {unknown}
 n - 4 scrolls of enchant weapon {unknown}
 q - 3 scrolls of vulnerability {unknown}
 u - a scroll of blinking {unknown}
 y - a scroll of fear {unknown}
Potions
 t - a potion of attraction {unknown}
 v - a potion of mutation {unknown}
 w - a potion of berserk rage {unknown}
 x - a potion of degeneration


   Skills:
 + Level 3.3 Fighting
 * Level 4.9 Long Blades
 - Level 1.7 Throwing
 + Level 2.4 Armour
 + Level 3.6 Dodging


You had 6 spell levels left.
You didn't know any spells.
Your spell library contained the following spells:

 Spells                   Type           Power      Damage    Failure   Level
 Freeze                   Ice            0%         1d3       54%         1
 Frozen Ramparts          Ice            0%         1d1       88%         3
 Hailstorm                Conj/Ice       0%         3d3       88%         3
 Stone Arrow              Conj/Erth      0%         3d7       88%         3
 Animate Armour           Summ/Erth      0%         N/A       99%         4
 Lehudib's Crystal Spear  Conj/Erth      0%         10d2      100%        8


Dungeon Overview and Level Annotations

Branches:
Dungeon (4/15)
 Temple: D:4-7

Altars:


Innate Abilities, Weirdness & Mutations

You have extremely sharp teeth.
Your natural rate of healing is unusually fast.
When hurt, damage is shared between your health and your magic reserves.
Your bite disrupts and absorbs the magic of your enemies.
Potions cannot restore your health.


Message History

You barely miss the scorpion. Your punch misses the scorpion.
You bite the scorpion. You drain its power.
You feel invigorated.
The scorpion is moderately wounded.
You feel very sick. The scorpion barely misses you. The scorpion stings you.
You slash the scorpion!
The scorpion is severely wounded.
You feel very sick. The scorpion stings you.
You are more poisoned.
The scorpion poisons you!
You hit the scorpion.
You punch the scorpion, but do no damage.
The scorpion is almost dead.
You feel very sick. The scorpion stings you.
* * * LOW HITPOINT WARNING * * *
It was a potion of degeneration.
There was something very wrong with that liquid.
You feel weakened.
You feel dopey.
You feel clumsy.
* * * LOW HITPOINT WARNING * * *
You feel very sick.
The scorpion stings you but does no damage.
It was a potion of enlightenment.
You feel very buoyant.
You fly up into the air.
* * * LOW HITPOINT WARNING * * *
You feel very sick. The scorpion barely misses you. The scorpion misses you.
It was a potion of curing.
Your system rejects the healing.
You feel better. The scorpion stings you.
* * * LOW HITPOINT WARNING * * *
You are lethally poisoned!
The scorpion poisons you!
It was a potion of heal wounds.
That seemed strangely inert.
* * * LOW HITPOINT WARNING * * *
You feel very sick. The scorpion barely misses you.
It was a potion of haste.
You feel yourself speed up.
You die...

.........#.# ##########.#
...........#################
##########.................#
#.###############.# #.# #.#
#.# ### #.# #.# ##.## #.#
#.# #@#.#######.# #.#
#s###........# ..# ##
#...####### #..##.# #.# #.#
#. #.# # ..# ###


You could see a scorpion.

Vanquished Creatures
  Sigmund (D:3)
  A black bear (D:4)
  An orc priest (D:3)
  2 hounds (D:4)
  5 adders
  2 worms (D:2)
  A dart slug (D:1)
  8 orcs
  6 endoplasms
  A giant cockroach (D:2)
  4 hobgoblins
  7 kobolds
  5 quokkas
  3 ball pythons
  3 bats
  5 frilled lizards
  3 goblins
  30 rats
88 creatures vanquished.

Notes
Turn   | Place    | Note
-------+----------+-------------------------------------------
     0 | D:1      | Ivernyr the Vine Stalker Gladiator began the quest for the
                  | Orb.
     0 | D:1      | Reached XP level 1. HP: 11/11 MP: 2/2
   165 | D:1      | Reached XP level 2. HP: 15/15 MP: 1/3
   307 | D:1      | Reached skill level 3 in Long Blades
   661 | D:2      | Reached XP level 3. HP: 17/18 MP: 0/4
   691 | D:2      | Reached skill level 1 in Armour
   837 | D:2      | Reached XP level 4. HP: 19/23 MP: 2/5
  1122 | D:2      | Identified the +0 cloak of Inquiry {rC+ Will- Int+2}
  1235 | D:2      | Found the macabre finger necklace {Finger+ rN+}
  1609 | D:3      | Reached XP level 5. HP: 20/27 MP: 3/6
  1663 | D:3      | Noticed Sigmund
  1671 | D:3      | Killed Sigmund
  1672 | D:3      | Reached skill level 4 in Long Blades
  1672 | D:3      | Reached XP level 6. HP: 27/32 MP: 7/7
  2337 | D:4      | Noticed a black bear
  2352 | D:4      | Killed a black bear
  2353 | D:4      | Reached XP level 7. HP: 25/36 MP: 5/8
  2531 | D:4      | HP: 1/36 [poisoned by a scorpion]
  2532 | D:4      | Succumbed to a scorpion's poison

Illustrated notes

Levels and vault maps discovered:
D:1:      zelgadis_glass_arrival_small, layout_loops_ring
D:2:      layout_loops_ring
D:3:      cheibrodos_helix_gallery, layout_loops_ring, minmay_misc_feat_roman,
          grunt_decor_resistance, roderic_roman_lattice, st_stairs_6,
          minmay_rat_hole, uniq_sigmund
D:4:      layout_loops_ring

Skill      XL: |  1  2  3  4  5 |
---------------+----------------+-----
Fighting       | 2 3 |  3.3
Long Blades    | 3 4 |  4.9
Armour         | 1 2 |  2.4
Dodging        | 3 |  3.6
Throwing       | |  1.7

Action                     |  1- 3 |  4- 6 |  7- 9 || total
---------------------------+-------+-------+-------++-------
  Melee: Long sword        |   104 |   138 |     6 ||   248
         Bite              |    19 |    37 |     3 ||    59
         Punch             |     1 |     1 |     1 ||     3
    Use: Potion            |       |       |     5 ||     5
   Stab: Sleeping          |     2 |     2 |       ||     4
 Armour: Leather armour    |    69 |    99 |     8 ||   176
  Dodge: Dodged            |    91 |   106 |     5 ||   202

Table legend: (Time is in decaauts)
 A = Elapsed time spent in this place.
 B = Non-inter-level travel time spent in this place.
 C = Inter-level travel time spent in this place.
 D = Time resting spent in this place.
 E = Time spent auto-exploring this place.
 F = Levels seen in this place.
 G = Mean time per level.
                   A        B        C        D        E       F      G
               +--------+--------+--------+--------+--------+-----+--------+
         Total |   2586 |   2471 |    115 |      0 |   1818 |   4 |  646.5 |
       Dungeon |   2586 |   2471 |    115 |      0 |   1818 |   4 |  646.5 |
               +--------+--------+--------+--------+--------+-----+--------+

Top non-repeatable levels by time:
     D:3: 782 daAuts
     D:2: 773 daAuts
     D:1: 660 daAuts
     D:4: 370 daAuts
